Map: Daybreak LE

Players

dallaskuken

  • Race: Protoss Protoss
  • League: Platinum
  • Spawn Location: 7:00

FrogMint - Winner!

  • Race: Zerg Zerg
  • Spawn Location: 1:00

VOD

Have the link to the VOD?

Description

Time

  • Played on: March 13, 2017, 9:14 p.m.
  • Length: 12:33
Show
View Real Time Build Order
Export as new Build Order

dallaskuken Protoss 

Build Orders: Forge Fast Expand (FFE) 

Get SALT Encoding   

  12  0:01  Probe (Chrono Boost)  
  13  0:11  Probe (Chrono Boost)  
  14  0:25  Pylon  
  14  0:32  Probe (Chrono Boost)  
  15  0:46  Forge, Probe (Chrono Boost)  
  16  0:57  Probe (Chrono Boost)  
  17  1:04  Pylon  
  17  1:08  Probe (Chrono Boost)  
  17  1:18  Probe (Chrono Boost)  
  18  1:29  Probe (Chrono Boost)  
  19  1:34  Photon Cannon  
  19  1:44  Nexus  
  19  2:00  Gateway  
  19  2:04  Photon Cannon  
  19  2:12  Probe (Chrono Boost)  
  19  2:14  Assimilator  
  20  2:23  Probe (Chrono Boost)  
  20  2:29  Pylon  
  21  2:34  Photon Cannon  
  21  2:42  Probe (Chrono Boost)  
  22  2:51  Cybernetics Core  
  22  2:53  Probe (Chrono Boost)  
  22  2:57  Probe (Chrono Boost)  
  24  3:05  Assimilator  
  24  3:08  Probe (Chrono Boost)  
  25  3:14  Zealot  
  25  3:18  Probe (Chrono Boost)  
  28  3:25  Pylon  
  28  3:29  Probe (Chrono Boost)  
  28  3:30  Probe (Chrono Boost)  
  30  3:40  Probe (Chrono Boost)  
  30  3:41  Probe (Chrono Boost)  
  32  3:47  Pylon  
  32  3:50  Pylon, Probe (Chrono Boost)  
  32  3:51  Probe (Chrono Boost)  
  32  3:53  Warp Gate  
  32  3:55  Zealot  
  36  4:01  Probe (Chrono Boost)  
  36  4:02  Probe (Chrono Boost)  
  38  4:08  Stargate  
  38  4:12  Probe (Chrono Boost)  
  38  4:14  Probe (Chrono Boost)  
  40  4:25  Assimilator  
  40  4:26  Probe (Chrono Boost)  
  40  4:27  Assimilator  
  39  4:31  Stalker  
  44  4:38  Probe (Chrono Boost)  
  44  4:50  Probe (Chrono Boost)  
  44  4:52  Oracle  
  48  5:02  Probe (Chrono Boost)  
  48  5:06  Stalker  
  52  5:14  Probe (Chrono Boost)  
  52  5:16  Probe (Chrono Boost)  
  53  5:25  Gateway  
  53  5:26  Gateway  
  53  5:27  Probe x2 (Chrono Boost)  
  53  5:28  Gateway  
  55  5:29  Gateway  
  55  5:39  Stalker, Probe (Chrono Boost)  
  59  5:51  Probe (Chrono Boost)  
  59  6:03  Probe (Chrono Boost)  
  57  6:14  Robotics Facility  
  57  6:15  Probe (Chrono Boost)  
  58  6:30  Phoenix  
  60  6:40  Stalker x3, Protoss Ground Weapons Level 1  
  60  6:41  Stalker x2  
  60  6:46  Gateway  
  70  6:48  Gateway  
  70  6:50  Gateway  
  70  6:55  Phoenix  
  76  7:01  Immortal  
  76  7:11  Robotics Bay  
  76  7:15  Pylon  
  76  7:17  Pylon  
  76  7:33  Void Ray  
  80  7:47  Extended Thermal Lance  
  80  7:50  Immortal  
  80  7:51  Sentry x3  
  90  8:04  Nexus  
  90  8:13  Pylon  
  90  8:15  Pylon  
  89  8:34  Stalker  
  89  8:35  Stalker x4  
  99  8:52  Oracle  
  102  9:00  Zealot x2  
  102  9:01  Zealot x2  
  110  9:17  Colossus  
  110  9:21  Pylon  
  110  9:23  Pylon  
  116  9:25  Pylon  
  116  10:06  Stalker x2  
  117  10:12  Pylon  
  117  10:13  Pylon  
  117  10:15  Pylon  
  117  10:22  Colossus  
  122  10:49  Pylon  
  122  10:50  Pylon  
  122  10:52  Pylon  
  122  10:53  Pylon  
  122  10:57  Pylon x2  
  122  10:59  Pylon  
  122  11:06  Robotics Facility  
  122  11:08  Robotics Facility  
  122  11:09  Colossus  
  98  11:22  Stalker x6  
  98  11:23  Stalker x2  
  61  12:01  Zealot  
  61  12:02  Zealot x6  
Show
View Real Time Build Order
Export as new Build Order

FrogMint Zerg - Winner!

Build Orders: Hatch First 

Get SALT Encoding   

  12  0:01  Drone  
  13  0:12  Overlord  
  13  0:18  Drone  
  14  0:31  Drone x2  
  17  0:35  Drone  
  17  0:55  Hatchery  
  16  1:01  Drone  
  17  1:20  Spawning Pool, Drone  
  17  1:22  Drone  
  18  1:26  Extractor  
  18  1:32  Drone x2  
  19  1:42  Drone  
  20  2:01  Drone  
  21  2:10  Queen  
  23  2:18  Hatchery  
  23  2:22  Queen  
  22  2:24  Drone  
  22  2:28  Drone  
  26  2:34  Overlord  
  26  2:42  Drone x2  
  28  2:54  Overlord  
  28  2:55  Overlord  
  28  2:57  Drone  
  29  3:08  Drone x2  
  29  3:09  Roach Warren  
  30  3:17  Drone x3  
  33  3:25  Queen  
  35  3:28  Drone  
  35  3:29  Drone  
  37  3:35  Drone x2  
  37  3:40  Queen  
  41  3:43  Drone  
  42  3:53  Drone x4  
  42  3:54  Drone  
  47  3:56  Overlord  
  47  3:59  Drone  
  48  4:10  Roach  
  48  4:11  Roach  
  52  4:19  Drone x2  
  52  4:20  Drone  
  52  4:21  Overlord  
  55  4:27  Lair  
  55  4:33  Roach x2, Drone x2  
  55  4:34  Drone x4  
  65  4:47  Spine Crawler  
  65  4:51  Spine Crawler, Spore Crawler  
  62  4:55  Drone x3  
  62  4:56  Drone x4  
  62  4:57  Drone x2  
  62  4:58  Drone x3  
  74  5:03  Extractor  
  74  5:06  Extractor  
  72  5:08  Roach  
  72  5:13  Pneumatized Carapace  
  74  5:28  Overseer  
  74  5:29  Overlord x3  
  74  5:43  Overlord x3  
  73  5:58  Spore Crawler  
  73  6:00  Drone x2  
  73  6:01  Drone  
  73  6:08  Spore Crawler  
  73  6:09  Roach  
  73  6:10  Roach x9  
  92  6:17  Hatchery  
  91  6:26  Roach  
  91  6:27  Roach x10  
  91  6:30  Overseer  
  113  6:49  Hatchery  
  113  6:50  Hydralisk Den, Ravager  
  113  6:51  Ravager  
  113  6:57  Extractor  
  113  7:00  Extractor  
  111  7:02  Drone x3, Extractor  
  111  7:08  Roach x3  
  117  7:09  Roach  
  117  7:12  Ravager  
  122  7:33  Drone x2  
  122  7:34  Drone x3  
  122  7:35  Overlord x3  
  122  7:36  Overlord  
  127  7:38  Overlord  
  127  7:39  Overlord  
  127  7:51  Overlord x2  
  127  7:55  Hydralisk x8  
  127  7:56  Hydralisk x3  
  149  8:03  Queen  
  151  8:07  Muscular Augments  
  151  8:27  Hydralisk x3  
  151  8:28  Hydralisk x4  
  151  8:29  Hydralisk  
  167  8:42  Hydralisk  
  167  8:43  Hydralisk x3, Overlord  
  167  8:44  Overlord, Hydralisk  
  177  8:59  Hydralisk x5  
  187  9:06  Ravager  
  188  9:21  Ravager  
  188  9:23  Ravager  
  190  9:27  Hydralisk x3  
  196  9:46  Hydralisk x2  
  197  10:05  Hydralisk x2  
  199  10:14  Drone  
  200  10:54  Evolution Chamber x2  
  167  11:11  Hydralisk x3  
  167  11:12  Hydralisk x15  
  188  11:25  Hydralisk  
  161  11:26  Hydralisk x9  
  161  11:40  Hydralisk x9  
  175  11:51  Hydralisk x4  
  175  11:52  Hydralisk  
Tags
 
Add a new tag
Caveats
  • Supply blocks, unpowered buildings, or Contaminate may cause inaccurate times.
  • Supply counts are checked every 10 seconds.